[Event "Team 45 45 League T27"]
[Site "Internet Chess Club"]
[Date "2005.07.01"]
[Round "3"]
[White "Lizaveta"]
[Black "jientho"]
[Result "1-0"]
[WhiteElo "1483"]
[BlackElo "1298"]
[TimeControl "2700+45"]

1. e4 e5 2. Nf3 Nf6 3. Nc3 Bb4 4. Nd5 Nxd5 5. exd5 c6 6. a3 Ba5 7. b4 Bc7 8. Bc4
e4 9. Qe2 O-O 10. Nd4 Re8 11. O-O Bb6 12. Nf5 Qf6 13. Ne3 Qxa1 14. c3 Qb1 15.
Qd1 Bxe3 16. fxe3 b5 17. Bb3 Qd3 18. d6 Rf8 19. Qh5 g6 20. Qe5 Qxf1+ 21. Kxf1
Re8 22. Qf6 Re6 23. Bxe6 dxe6 24. Qd8+ Kg7 25. Qxc8 Kf6 26. Qb7 {Black resigns}
1-0

[Event "Team 45 45 League T27"]
[Site "Internet Chess Club"]
[Date "2005.07.01"]
[Round "3"]
[White "hotzoddy"]
[Black "N20863"]
[Result "0-1"]
[WhiteElo "1329"]
[BlackElo "1374"]
[TimeControl "2700+45"]

1. e4 e5 2. Nc3 Nf6 3. Nf3 Nc6 4. Bb5 d6 5. Bxc6+ bxc6 6. O-O Be7 7. d3 O-O 8.
Re1 Bg4 9. Bd2 Rb8 10. b3 Re8 11. Rb1 h6 12. Be3 a6 13. Na4 d5 14. Bc5 d4 15.
Bxe7 Qxe7 16. c3 c5 17. cxd4 cxd4 18. Rc1 Rec8 19. Nc5 a5 20. a3 Nd7 21. b4 axb4
22. axb4 Rxb4 23. Na6 Rb7 24. h3 Be6 25. Qd2 f6 26. Nh4 Bf7 27. Nf5 Qe6 28. Nc5
Nxc5 29. Rxc5 Bg6 30. Nh4 Bf7 31. Qe2 Qd7 32. Nf5 Kh7 33. Qg4 g6 34. Ng3 Qxg4
35. hxg4 Be8 36. f3 Rb5 37. Rcc1 Rb3 38. Kf2 Rxd3 39. Rh1 Bb5 40. Ke2 Rc3+ 41.
Kd2 Rxc1 42. Kxc1 c6 43. Nf1 Ra8 44. Nd2 Ra1+ 45. Nb1 Bd3 46. Kb2 Ra6 47. g3
Rb6+ 48. Ka2 Bxb1+ 49. Rxb1 Rxb1 50. Kxb1 Kg7 51. Kc2 Kf7 52. Kd3 Ke7 53. f4 Kd6
54. f5 g5 55. Kc4 c5 56. Kd3 Kc6 57. Kc4 d3 58. Kxd3 Kb5 59. Kc3 c4 60. Kb2 Kb4
61. Kc2 c3 62. Kb1 Kc4 63. Kc2 Kd4 64. Kd1 Kd3 65. Kc1 Kxe4 66. Kc2 Kd4 67. Kd1
Kd3 68. Kc1 e4 69. Kd1 c2+ 70. Kc1 Ke2 71. Kxc2 Kf2 72. Kd2 e3+ 73. Kd3 e2 74.
Kd4 e1=Q 75. Kd5 Kxg3 76. Kd6 Kxg4 {White resigns} 0-1

[Event "Team 45 45 League T27"]
[Site "Internet Chess Club"]
[Date "2005.07.05"]
[Round "3"]
[White "WannaB"]
[Black "Knight-Rookie"]
[Result "0-1"]
[WhiteElo "1134"]
[BlackElo "1281"]
[TimeControl "2700+45"]

1. e4 e5 2. Nf3 Nf6 3. d3 h6 4. a3 Nc6 5. b4 d5 6. Qe2 Bd6 7. Nc3 Bg4 8. exd5
Nd4 9. Qd1 O-O 10. Be2 Nxe2 11. Qxe2 Re8 12. h3 Bh5 13. O-O Bf8 14. g4 Bg6 15.
Nxe5 Nxd5 16. Nxd5 Qxd5 17. Bb2 f6 18. c4 Qd6 19. d4 fxe5 20. dxe5 Qe6 21. f4
Bf7 22. Rac1 a5 23. Rfe1 axb4 24. axb4 Ra2 25. f5 Qb6+ 26. Kf1 Qxb4 27. Rc2 Bxc4
28. Qxc4+ Qxc4+ 29. Rxc4 Rxb2 30. Rxc7 b5 31. e6 Bd6 32. Rd7 Bc5 33. Re2 Rxe2
34. Kxe2 Be7 35. Rd5 b4 36. Kd2 Rc8 37. Rd7 Kf8 38. Rb7 Bf6 39. Kd3 Rc3+ 40. Kd2
Rxh3 41. Rf7+ Ke8 42. Rb7 Rg3 43. Rxb4 Bc3+ 44. Ke2 Bxb4 45. Kf2 Rxg4 46. Kf3
Rg5 47. Ke4 h5 48. Kf4 Rg4+ 49. Kf3 Bd6 {White resigns} 0-1

[Event "Team 45 45 League T27"]
[Site "Internet Chess Club"]
[Date "2005.07.01"]
[Round "3"]
[White "slakkjaw"]
[Black "DayDream01"]
[Result "1-0"]
[WhiteElo "1227"]
[BlackElo "1094"]
[TimeControl "2700+45"]

1. d4 g6 2. c4 Bg7 3. Nc3 c6 4. Nf3 d5 5. e4 Nf6 6. Bd3 Be6 7. c5 Qa5 8. Bd2 Qc7
9. h3 b6 10. e5 Nfd7 11. Ng5 bxc5 12. Nxe6 fxe6 13. Qf3 cxd4 14. Ne2 Bxe5 15.
Qg4 Nc5 16. Bc2 d3 17. Bxd3 Nxd3+ 18. Kf1 Bxb2 19. Rb1 Rf8 20. f3 e5 21. Bg5 e4
22. f4 e3 23. f5 Nf2 24. Qb4 Nxh1 25. Kg1 Qh2+ 26. Kxh2 Bf6 27. Bxf6 Rxf6 28.
Kxh1 Rxf5 29. Qb7 Rf2 30. Re1 Nd7 31. Qxa8+ Kf7 32. Qxc6 Ne5 33. Qxd5+ Kf6 34.
Qe4 Rxe2 35. Rxe2 {Black resigns} 1-0

[Event "Team 45 45 League T27"]
[Site "Internet Chess Club"]
[Date "2005.07.03"]
[Round "3"]
[White "Tomate"]
[Black "cazj"]
[Result "0-1"]
[WhiteElo "1399"]
[BlackElo "1378"]
[TimeControl "2700+45"]

1. d4 d5 2. c4 Nc6 3. Nf3 Bg4 4. Qa4 Qd7 5. e3 Nf6 6. Be2 a6 7. Nc3 Rd8 8. h3
Bh5 9. O-O e6 10. c5 Be7 11. Re1 O-O 12. Qc2 Rfe8 13. e4 Bxf3 14. Bxf3 Nxd4 15.
Qd3 Bxc5 16. e5 Nxf3+ 17. Qxf3 Ne4 18. Nxe4 dxe4 19. Bg5 Be7 20. Qxe4 Bxg5 21.
Qg4 Qd2 22. Rad1 Qf4 23. Qe2 Bh4 24. g3 Bxg3 25. fxg3 Qxg3+ 26. Qg2 Qxg2+ 27.
Kxg2 Rd5 28. Rc1 c6 29. Rc2 Red8 30. Ree2 Kf8 31. a3 Ke7 32. b4 f6 33. Rc5 Rxc5
34. bxc5 Rd5 35. exf6+ gxf6 36. Rc2 e5 37. Rc3 e4 38. Kf2 Ke6 39. Ke2 Ke5 40. h4
Kd4 41. Rc1 Rxc5 42. Rd1+ Ke5 43. Rd7 h5 44. Re7+ Kf4 45. Rf7 f5 46. Rh7 Kg4
{White resigns} 0-1

[Event "Team 45 45 League T27"]
[Site "Internet Chess Club"]
[Date "2005.07.03"]
[Round "3"]
[White "Midwest-Rook"]
[Black "nona"]
[Result "0-1"]
[WhiteElo "1298"]
[BlackElo "1379"]
[TimeControl "2700+45"]

1. e4 d5 2. exd5 Nf6 3. d3 Nxd5 4. Nf3 g6 5. Bd2 Bg7 6. d4 O-O 7. Bd3 c6 8. Nc3
e6 9. h3 Qc7 10. g3 Nd7 11. Ng5 Bxd4 12. Nxd5 exd5 13. c3 Bf6 14. Bf4 Qb6 15.
Qd2 Re8+ 16. Be2 Nc5 17. O-O Ne4 18. Nxe4 Rxe4 19. Bd3 Re8 20. Kh2 Qd8 21. Rae1
Qd7 22. g4 Rxe1 23. Rxe1 h5 24. Qe2 hxg4 25. Qxg4 Qxg4 26. Re8+ Kg7 27. hxg4 b6
28. Kh3 Bb7 29. Re3 Rh8+ 30. Kg2 c5 31. Kg1 d4 32. cxd4 cxd4 33. Re2 Rh1# {White
checkmated} 0-1

[Event "Team 45 45 League T27"]
[Site "Internet Chess Club"]
[Date "2005.07.02"]
[Round "3"]
[White "GLuft"]
[Black "markev"]
[Result "0-1"]
[WhiteElo "1153"]
[BlackElo "1313"]
[TimeControl "2700+45"]

1. e4 c6 2. d4 d5 3. Nc3 e6 4. a3 c5 5. Bf4 a6 6. exd5 exd5 7. Bxb8 Rxb8 8. Nf3
Qf6 9. Nxd5 Qe6+ 10. Ne3 b5 11. Bd3 Bb7 12. Qe2 c4 13. d5 Qd7 14. Nxc4+ Kd8 15.
Qe5 Qe7 16. Qxe7+ Nxe7 17. Nd6 Bxd5 18. Ne5 Rg8 19. Bxh7 Kc7 20. Ndxf7 Bxf7 21.
Nxf7 Re8 22. O-O-O g6 23. Nd6 Bh6+ 24. Kb1 Rh8 25. Nxe8+ Rxe8 26. Rhe1 Bg5 27.
Bxg6 Rg8 28. Bf7 Rg7 29. Be8 Kb6 30. b4 Kc7 31. Rd7+ Kb8 32. Red1 Bf6 33. R1d6
Bg5 34. Rd8+ Nc8 35. R6d7 Rg8 36. Rd6 Bxd8 37. Re6 Rxg2 38. Rxa6 Rg1+ 39. Ka2
Rg2 40. Bxb5 Rxf2 41. Bd3 Rxh2 42. Rd6 Nxd6 {White resigns} 0-1

[Event "Team 45 45 League T27"]
[Site "Internet Chess Club"]
[Date "2005.07.01"]
[Round "3"]
[White "rpgrossman"]
[Black "Dalcon"]
[Result "0-1"]
[WhiteElo "993"]
[BlackElo "1209"]
[TimeControl "2700+45"]

1. Nf3 Nf6 2. c3 c5 3. d4 cxd4 4. cxd4 d5 5. g3 e6 6. Bg2 Be7 7. O-O O-O 8. Bg5
Nc6 9. Bxf6 Bxf6 10. Nc3 a6 11. e4 b5 12. e5 Be7 13. a4 b4 14. Na2 a5 15. Qd3
Ba6 16. Qc2 Bxf1 17. Rxf1 Qb6 18. h4 Nxd4 19. Qd3 Nxf3+ 20. Bxf3 Qc6 21. Rc1
Qxa4 22. Rc7 Bd8 23. Qc2 b3 24. Qc6 Qxc6 25. Rxc6 bxa2 26. Rc1 Rb8 {White
resigns} 0-1

[Event "Team 45 45 League T27"]
[Site "Internet Chess Club"]
[Date "2005.07.05"]
[Round "3"]
[White "Schach-Prinz"]
[Black "SandiaCaveMan"]
[Result "1-0"]
[WhiteElo "1284"]
[BlackElo "1333"]
[TimeControl "2700+45"]

1. d4 c6 2. Bf4 Nf6 3. Nc3 e6 4. a3 d6 5. Nf3 Nbd7 6. e3 Qe7 7. Bd3 e5 8. dxe5
Nxe5 9. Nxe5 dxe5 10. Bg3 e4 11. Bc4 Bg4 12. Ne2 Rd8 13. Qc1 b5 14. h3 bxc4 15.
hxg4 Nxg4 16. Nd4 Qc5 17. Qd2 Bd6 18. Bh4 g5 19. Bg3 h5 20. O-O-O h4 21. Bxd6
Rxd6 22. Qe2 Ne5 23. Kb1 c3 24. b4 Qc4 25. Qe1 Qa6 26. Ka2 Qc4+ 27. Nb3 Rxd1 28.
Qxd1 Ke7 29. Ka1 g4 30. Nd4 Kf6 31. Ne2 Qd5 32. Nxc3 Qd2 {Black resigns} 1-0

[Event "Team 45 45 League T27"]
[Site "Internet Chess Club"]
[Date "2005.07.04"]
[Round "3"]
[White "littleboo"]
[Black "Traho"]
[Result "0-1"]
[WhiteElo "1221"]
[BlackElo "1302"]
[TimeControl "2700+45"]

1. e4 e5 2. Nf3 Nc6 3. Nc3 d6 4. h3 Nf6 5. Bb5 Bd7 6. d3 Be7 7. O-O O-O 8. Be3
a6 9. Bc4 b5 10. Bb3 Na5 11. Nd5 Nxd5 12. exd5 c6 13. d4 Nxb3 14. axb3 e4 15.
Nd2 cxd5 16. c4 Bc6 17. Rc1 Qb8 18. cxd5 Bxd5 19. Qh5 Qb7 20. f3 exf3 21. Rxf3
Bxf3 22. gxf3 Rac8 23. Rf1 Qd7 24. Ra1 Qe6 25. Bf2 Qg6+ 26. Qg4 Qxg4+ 27. fxg4
Rc2 28. Nf1 Rxb2 29. Rxa6 Rxb3 30. Kg2 h6 31. Ng3 Rb2 32. Nf5 Re8 33. Nxe7+ Rxe7
34. Rxd6 Ree2 35. Rd8+ Kh7 36. Kg3 Rxf2 37. Rc8 Rg2+ 38. Kf4 Rbf2+ 39. Ke5 Re2+
40. Kd5 Rgf2 41. Rc6 Re6 {White resigns} 0-1

[Event "Team 45 45 League T27"]
[Site "Internet Chess Club"]
[Date "2005.07.01"]
[Round "3"]
[White "mwm913"]
[Black "Tom45"]
[Result "1-0"]
[WhiteElo "1083"]
[BlackElo "1056"]
[TimeControl "2700+45"]

1. e4 e5 2. Nf3 Nc6 3. Bc4 Nf6 4. Nc3 Bc5 5. Qe2 O-O 6. Na4 d6 7. O-O a6 8. Nxc5
dxc5 9. c3 b5 10. Bb3 c4 11. Bc2 Bg4 12. b3 cxb3 13. Ba3 Bxf3 14. Qxf3 bxc2 15.
Bxf8 Qxf8 16. Rac1 b4 17. Rxc2 bxc3 18. dxc3 Rd8 19. Rb2 Na5 20. h3 Nc4 21. Rc2
Nd2 22. Rxd2 Rxd2 23. Rb1 Rxa2 24. Qf5 Ra5 25. Rb7 c6 26. Qf3 h6 27. Qe3 c5 28.
c4 Kh7 29. Qf3 Qc8 30. Rxf7 Kg6 31. Re7 Ra1+ 32. Kh2 Qb8 33. Qg3+ Kh5 34. Qf3+
Kg6 35. Qf5# {Black checkmated} 1-0

[Event "Team 45 45 League T27"]
[Site "Internet Chess Club"]
[Date "2005.07.01"]
[Round "3"]
[White "nir8888"]
[Black "ATLfalcons"]
[Result "0-1"]
[WhiteElo "1659"]
[BlackElo "1792"]
[TimeControl "2700+45"]

1. e4 c6 2. d4 d5 3. Nc3 dxe4 4. Nxe4 Bf5 5. Ng3 Bg6 6. h4 h5 7. Nf3 Nd7 8. Ng5
Ngf6 9. Nh3 e6 10. Nf4 Bh7 11. Nfxh5 Nxh5 12. Qxh5 Nf6 13. Qd1 Bd6 14. Nh5 Qa5+
15. c3 Qxh5 16. Be2 Qa5 17. g4 Be4 18. f3 Bg3+ 19. Kf1 Bh7 20. f4 Be4 21. Bf3
Qb5+ 22. Kg2 Bxf3+ 23. Qxf3 Bxh4 24. g5 Nd7 25. Kg1 Qd5 26. Qxd5 cxd5 27. Kg2
O-O-O 28. Be3 Rh5 29. Rh3 Rdh8 30. Rah1 g6 31. Bd2 f6 32. Kf3 fxg5 33. fxg5 Rf8+
34. Kg4 Bf2 35. Rxh5 gxh5+ 36. Rxh5 e5 37. g6 Nf6+ 38. Kg5 Nxh5 39. Kxh5 Rh8+
40. Kg5 Bh4+ 41. Kf5 e4 42. g7 Rg8 43. Kg6 Bf2 44. Kf7 Rxg7+ 45. Kxg7 e3 46.
Bxe3 Bxe3 47. Kf6 Kd7 48. Ke5 Kc6 49. c4 dxc4 50. Ke4 Bc1 51. b3 c3 52. Kd3 Bb2
53. Kc2 Kd5 54. a3 Kxd4 55. a4 a5 56. Kb1 Kd3 57. b4 axb4 58. a5 Kc4 59. a6 bxa6
60. Kc2 b3+ 61. Kb1 Ba3 62. Ka1 Kd3 63. Kb1 c2+ {White resigns} 0-1

[Event "Team 45 45 League T27"]
[Site "Internet Chess Club"]
[Date "2005.07.04"]
[Round "3"]
[White "claymil"]
[Black "mickeys"]
[Result "1-0"]
[WhiteElo "1695"]
[BlackElo "1593"]
[TimeControl "2700+45"]

1. c4 f5 2. Nc3 Nf6 3. g3 g6 4. Bg2 Bg7 5. e3 e5 6. Nge2 O-O 7. d3 Nc6 8. O-O d6
9. a3 a6 10. b4 e4 11. Bb2 exd3 12. Nf4 Ne5 13. Qb3 c6 14. Rad1 Qe7 15. Nxd3 Be6
16. Nxe5 dxe5 17. Na4 b5 18. Nc5 Bxc4 19. Qc2 Bxf1 20. Kxf1 Nd5 21. Qb3 e4 22.
a4 Rfd8 23. axb5 Bxb2 24. Qxb2 Nxe3+ 25. fxe3 Rxd1+ 26. Ke2 Rad8 27. bxa6 R1d2+
28. Qxd2 Rxd2+ 29. Kxd2 Qd6+ 30. Ke2 Qc7 31. Bf1 Qb6 32. Kf2 Qxb4 33. a7 Qa5 34.
Na6 Qd8 35. Nc7 Qxc7 36. a8=Q+ Kg7 37. Qa1+ Kh6 38. h4 c5 39. Qc3 Qd6 40. Be2
Qb6 41. Qh8 Qd6 42. Qg8 Qe7 43. Qd5 Kg7 44. h5 Kh6 45. hxg6 hxg6 46. Qg8 Qg7 47.
Qd8 Qe5 48. Qf8+ Kh7 49. Qd8 Kg7 50. Qh4 Qf6 51. Qf4 Qe7 52. Bc4 Qf8 53. g4 Qf6
54. g5 Qb2+ 55. Kg3 Qc3 56. Qc7+ {Black resigns} 1-0

[Event "Team 45 45 League T27"]
[Site "Internet Chess Club"]
[Date "2005.07.01"]
[Round "3"]
[White "batttoman"]
[Black "alaskauk"]
[Result "1-0"]
[WhiteElo "1425"]
[BlackElo "1444"]
[TimeControl "2700+45"]

1. c4 c6 2. g3 g6 3. d4 d5 4. cxd5 cxd5 5. Bg2 Nf6 6. Nc3 e6 7. Bf4 Bg7 8. Be5
Nc6 9. Nf3 Nxe5 10. Nxe5 a6 11. O-O Nd7 12. f4 Qb6 13. Qd2 Nxe5 14. fxe5 Bxe5
15. e3 Bg7 16. Rf3 O-O 17. Raf1 Bd7 18. Bh3 Rad8 19. g4 Be8 20. g5 Rc8 21. Bg4
Qb4 22. R1f2 Rc7 23. h4 Qb6 24. h5 Rc4 25. hxg6 fxg6 26. Rxf8+ Bxf8 27. Rf6 Bf7
28. Qf2 Rc7 29. Nxd5 Rc1+ 30. Kg2 Qc6 31. e4 Rc2 32. Be2 Qe8 33. Rxg6+ Bxg6 34.
Nf6+ Kg7 35. Nxe8+ Bxe8 36. Qf6+ Kg8 37. Qxe6+ Bf7 38. Qg4 Bc4 39. Kf2 Rxb2 40.
d5 Rxa2 41. Qe6+ Kg7 42. Qf6+ Kg8 43. g6 hxg6 44. Qe6+ Kg7 45. Qe5+ Kh7 46. Qc7+
Kh6 47. Qxc4 Ra5 48. Qc7 Bc5+ 49. Kg3 b6 50. d6 Bxd6+ 51. Qxd6 b5 {Black
resigns} 1-0

[Event "Team 45 45 League T27"]
[Site "Internet Chess Club"]
[Date "2005.07.03"]
[Round "3"]
[White "mogwop"]
[Black "BosqueVerde"]
[Result "1-0"]
[WhiteElo "1449"]
[BlackElo "1209"]
[TimeControl "2700+45"]

1. d4 d5 2. Nf3 e6 3. e3 Bd7 4. Bd3 c5 5. c3 c4 6. Bc2 Nc6 7. Nbd2 Bd6 8. O-O
Nf6 9. e4 Bf4 10. e5 Nh5 11. Re1 O-O 12. Nf1 Qb6 13. Rb1 Ne7 14. Ne3 Nf5 15.
Nxf5 exf5 16. Be3 Rfe8 17. Qd2 Bxe3 18. Qxe3 f4 19. Qe2 Bg4 20. h3 Bxf3 21. Qxf3
g6 22. Bd1 f6 23. Qxd5+ Kg7 24. Bxh5 Rad8 25. Qxc4 gxh5 26. Qe2 Kg6 27. Qe4+ f5
28. Qxf4 Rd5 29. Re3 Kf7 30. Qxf5+ Ke7 31. Rg3 Qh6 32. Rf3 Kd8 33. Qf6+ Qxf6 34.
Rxf6 Rd7 35. Re1 Rg7 36. h4 Reg8 37. g3 Rxg3+ 38. fxg3 Rxg3+ 39. Kh2 Rg4 40. Kh3
{Black resigns} 1-0

[Event "Team 45 45 League T27"]
[Site "Internet Chess Club"]
[Date "2005.07.04"]
[Round "3"]
[White "Joyoyo"]
[Black "allanchs"]
[Result "1-0"]
[WhiteElo "1643"]
[BlackElo "1623"]
[TimeControl "2700+45"]

1. e4 e5 2. Nf3 Nc6 3. Bb5 a6 4. Ba4 Nf6 5. O-O Be7 6. Re1 b5 7. Bb3 d6 8. c3
Na5 9. Bc2 c5 10. d3 Qc7 11. Nbd2 O-O 12. Nf1 Nc6 13. Ng3 Bg4 14. h3 Be6 15. Bg5
h6 16. Bxf6 Bxf6 17. Qd2 d5 18. Nh5 Be7 19. Ng3 dxe4 20. Nxe4 Rad8 21. Qe3 c4
22. Rad1 cxd3 23. Rxd3 Rxd3 24. Bxd3 Rd8 25. Bb1 f5 26. Nc5 Bxc5 27. Qxc5 e4 28.
Nd4 Bd5 29. Nxf5 Qf7 30. Ne3 Ne7 31. Nxd5 Rxd5 32. Qb6 Rd2 33. Bxe4 Rxb2 34.
Qb8+ Qf8 35. Bh7+ Kf7 36. Qd6 Ng8 37. Bg6# {Black checkmated} 1-0

[Event "Team 45 45 League T27"]
[Site "Internet Chess Club"]
[Date "2005.07.04"]
[Round "3"]
[White "Pawndemonium"]
[Black "jmoffitt"]
[Result "0-1"]
[WhiteElo "1591"]
[BlackElo "1601"]
[TimeControl "2700+45"]

1. Nf3 Nf6 2. g3 g6 3. Bg2 Bg7 4. d4 O-O 5. O-O d6 6. c4 Nc6 7. Nc3 e5 8. d5 Ne7
9. e4 h6 10. Be3 Ng4 11. Bd2 f5 12. h3 Nf6 13. exf5 Bxf5 14. Nh4 Bd3 15. Re1 g5
16. Nf3 Bxc4 17. Nxg5 hxg5 18. Bxg5 Qe8 19. Bxf6 Rxf6 20. Re4 Ba6 21. Rh4 Ng6
22. Rg4 b6 23. Be4 Bc8 24. Rg5 Qf7 25. Qh5 Rxf2 26. Bxg6 Qf3 27. Qh7+ Kf8 28.
Be4 Qe3 29. Qxg7+ Ke8 30. Qg8+ Rf8+ 31. Kg2 Rxg8 32. Rxg8+ Kf7 33. Rg6 Qd2+ 34.
Kg1 Bxh3 35. Rh6 Qxh6 {White resigns} 0-1

[Event "Team 45 45 League T27"]
[Site "Internet Chess Club"]
[Date "2005.06.30"]
[Round "3"]
[White "JesterFox"]
[Black "RingLord"]
[Result "0-1"]
[WhiteElo "1533"]
[BlackElo "1601"]
[TimeControl "2700+45"]

1. c4 Nf6 2. Nc3 e5 3. g3 c6 4. Bg2 Bb4 5. e3 Bxc3 6. bxc3 d5 7. cxd5 cxd5 8.
Ba3 Be6 9. c4 Nbd7 10. cxd5 Nxd5 11. Ne2 b5 12. O-O b4 13. Bxd5 Bxd5 14. Bxb4
Bf3 15. h4 Nf6 16. Qa4+ Nd7 17. Nc3 Qb6 18. d4 Qe6 19. Kh2 g5 20. Nb5 Kd8 21.
Ba5+ Ke7 22. Bb4+ Kf6 23. dxe5+ Nxe5 24. Bc3 Rac8 25. Nd4 Ng4+ 26. Kg1 Qd5 27.
Nxf3+ Rxc3 28. Qd4+ Qxd4 29. exd4 Rxf3 30. Kg2 Rd3 31. Kh3 Nh6 32. Rad1 g4+ 33.
Kg2 Rxd1 34. Rxd1 Rd8 35. f3 Nf5 36. Kf2 gxf3 37. Kxf3 Nxd4+ 38. Ke4 Ne6 39.
Rf1+ Ke7 40. Rf3 Rd4+ 41. Ke5 Ra4 42. a3 Nd4 43. Rc3 Nb5 44. Rb3 Ra5 45. Ke4 Ke6
46. a4 Rxa4+ 47. Kd3 Ra3 48. Rxa3 Nxa3 49. Kc3 Nb5+ {White resigns} 0-1

[Event "Team 45 45 League T27"]
[Site "Internet Chess Club"]
[Date "2005.07.01"]
[Round "3"]
[White "fgameiro"]
[Black "gessie7"]
[Result "1-0"]
[WhiteElo "1528"]
[BlackElo "1400"]
[TimeControl "2700+45"]

1. e3 e5 2. e4 Nf6 3. d3 Bc5 4. Nf3 d6 5. Nc3 Nc6 6. h3 h6 7. a3 a6 8. Be2 Nd4
9. Nxd4 Bxd4 10. O-O c6 11. Bf3 O-O 12. Ne2 Ba7 13. c3 d5 14. exd5 Nxd5 15. Ng3
Qh4 16. Ne4 f5 17. Nd6 f4 18. Nxc8 Raxc8 19. Qb3 Kh8 20. Qxb7 Ra8 21. Qxc6 Ne7
22. Qc7 Rfc8 23. Qxe5 Ng6 24. Qd6 Qg5 25. Bxa8 Rxa8 26. d4 Bb8 27. Qc6 Ba7 28.
Qxa8+ {Black resigns} 1-0

[Event "Team 45 45 League T27"]
[Site "Internet Chess Club"]
[Date "2005.07.04"]
[Round "3"]
[White "MiroslavR"]
[Black "MikkoN"]
[Result "1-0"]
[WhiteElo "2030"]
[BlackElo "1900"]
[TimeControl "2700+45"]

1. e4 d6 2. d4 g6 3. Nc3 Bg7 4. Be3 c6 5. Qd2 b5 6. f3 Nd7 7. g4 Nb6 8. h4 h5 9.
g5 e6 10. f4 Ne7 11. Nf3 Qc7 12. b3 a5 13. a4 b4 14. Ne2 c5 15. Rd1 c4 16. Ng3
d5 17. e5 Ba6 18. Qc1 O-O 19. Be2 Rfc8 20. Kf2 Qd7 21. Qb2 Rc7 22. Rc1 Bf8 23.
Nh2 Nxa4 24. bxa4 Qxa4 25. Bxh5 c3 26. Qa1 Qc6 27. Bf3 a4 28. Ng4 Bg7 29. h5 b3
30. Qa3 Bd3 31. cxb3 Rb8 32. b4 Qc4 33. Qxa4 Nc6 34. hxg6 Bxg6 35. Be2 Bd3 36.
Bxd3 Qxd3 37. Qd1 Qc4 38. Qc2 Nxb4 39. Qh7+ Kf8 40. Rhd1 Ke7 41. Qxg7 Nd3+ 42.
Rxd3 Qxd3 43. Qf6+ Kd7 44. Qxf7+ Kc8 45. Qxe6+ Rd7 46. Nf6 Rb2+ 47. Kf3 {Black
resigns} 1-0

[Event "Team 45 45 League T27"]
[Site "Internet Chess Club"]
[Date "2005.07.04"]
[Round "3"]
[White "TeroL"]
[Black "Gandalf"]
[Result "1/2-1/2"]
[WhiteElo "1938"]
[BlackElo "1878"]
[TimeControl "2700+45"]

1. e4 c6 2. d4 d5 3. Nc3 dxe4 4. Nxe4 Bf5 5. Ng3 Bg6 6. h4 h6 7. Nf3 Nd7 8. h5
Bh7 9. Bd3 Bxd3 10. Qxd3 Ngf6 11. Be3 e6 12. O-O-O Qa5 13. Qb3 O-O-O 14. Bd2 Qc7
15. Bb4 c5 16. dxc5 Bxc5 17. Bxc5 Qxc5 18. Rd4 Nb6 19. c3 Rd5 20. Rxd5 Nfxd5 21.
Ne4 Qc7 22. g3 {Game drawn by mutual agreement} 1/2-1/2

[Event "Team 45 45 League T27"]
[Site "Internet Chess Club"]
[Date "2005.07.01"]
[Round "3"]
[White "FinnishPlayer"]
[Black "rayonline53"]
[Result "0-1"]
[WhiteElo "1673"]
[BlackElo "1611"]
[TimeControl "2700+45"]

1. e4 c6 2. d4 d5 3. exd5 cxd5 4. Nc3 e6 5. Nf3 Nc6 6. a3 Nf6 7. Bg5 Be7 8. Bb5
Bd7 9. O-O O-O 10. Re1 a6 11. Ba4 b5 12. Bb3 Ne8 13. Bxe7 Nxe7 14. Ne5 Nd6 15.
Qe2 Nc4 16. Bxc4 bxc4 17. b3 cxb3 18. cxb3 Nc6 19. Nxc6 Bxc6 20. a4 Qb6 21. Qd1
Rab8 22. Rb1 Rb7 23. b4 Rfb8 24. a5 Qa7 25. Na2 Bb5 26. Qd2 Bc4 27. Nc3 Rxb4 28.
Rxb4 Rxb4 29. Nxd5 Rb8 30. Nb6 Bb5 31. Qg5 h6 32. Qc5 Qb7 33. d5 exd5 34. Re7
Qc6 35. Rc7 Qxc5 36. Rxc5 d4 37. Rd5 d3 38. h3 Re8 39. Nd7 Re2 40. Nc5 d2 41.
Kh2 Rxf2 42. Ne4 Rf4 43. Nxd2 Ra4 44. Nb3 Ra3 45. Nd4 Rxa5 46. Nc6 Ra1 47. Nd4
Rd1 48. Nf5 Rxd5 49. Ne7+ Kf8 50. Nxd5 a5 51. Nc3 Bc6 52. g3 a4 53. h4 a3 54.
Kg1 Bd5 55. Nxd5 a2 56. Nc3 a1=Q+ 57. Kg2 Qxc3 58. Kh3 Ke7 59. Kg4 Ke6 60. Kf4
Qe1 61. Kg4 Ke5 62. h5 f5+ 63. Kh3 Qh1# {White checkmated} 0-1

[Event "Team 45 45 League T27"]
[Site "Internet Chess Club"]
[Date "2005.07.05"]
[Round "3"]
[White "martineden"]
[Black "forquesato"]
[Result "1/2-1/2"]
[WhiteElo "1830"]
[BlackElo "1821"]
[TimeControl "2700+45"]

1. d4 d5 2. c4 c6 3. Nf3 Nf6 4. Nc3 dxc4 5. a4 Bf5 6. e3 e6 7. Bxc4 Bb4 8. O-O
O-O 9. Nh4 Bg4 10. f3 Bh5 11. g4 Nd5 12. Ng2 Bg6 13. Na2 Bd6 14. e4 Nb6 15. Bd3
e5 16. dxe5 Bxe5 17. Qb3 N8d7 18. Rd1 Nc5 19. Qc2 Nxd3 20. Rxd3 Qc7 21. Nh4 Rad8
{Game drawn by mutual agreement} 1/2-1/2

[Event "Team 45 45 League T27"]
[Site "Internet Chess Club"]
[Date "2005.07.04"]
[Round "3"]
[White "six-killer"]
[Black "alastorx"]
[Result "1-0"]
[WhiteElo "1771"]
[BlackElo "1684"]
[TimeControl "2700+45"]

1. e4 d5 2. exd5 Qxd5 3. Nc3 Qa5 4. d4 Nf6 5. Nf3 Nc6 6. Bb5 Ne4 7. Qd3 Nxc3 8.
bxc3 a6 9. Bxc6+ bxc6 10. Ne5 f6 11. Nc4 Qf5 12. Ba3 a5 13. O-O Qxd3 14. cxd3
Bf5 15. Rad1 Kd7 16. Rfe1 g5 17. Ne3 Be6 18. c4 h5 19. d5 cxd5 20. Nxd5 Bxd5 21.
cxd5 Rh7 22. Re6 Rb8 23. Rc1 Rb5 24. Rec6 Rxd5 25. Rxc7+ Ke8 26. R1c3 Rg7 27.
R7c5 e6 28. Rc8+ {Black resigns} 1-0

[Event "Team 45 45 League T27"]
[Site "Internet Chess Club"]
[Date "2005.07.05"]
[Round "3"]
[White "SkatingBishop"]
[Black "RD1974"]
[Result "1-0"]
[WhiteElo "1779"]
[BlackElo "1737"]
[TimeControl "2700+45"]

1. e4 c5 2. Nf3 Nf6 3. e5 Nd5 4. Nc3 Nxc3 5. bxc3 Nc6 6. d4 cxd4 7. cxd4 d5 8.
c3 Bf5 9. Be2 Qa5 10. Qb3 Rb8 11. O-O a6 12. Bd2 Qc7 13. Qxd5 e6 14. Qb3 Na5 15.
Qa4+ b5 16. Qd1 h6 17. a4 Nc4 18. Qb3 Be7 19. axb5 axb5 20. Bxc4 bxc4 21. Qa4+
Kf8 22. Qa7 Rb7 23. Qa8+ Rb8 24. Ra7 Qb6 25. Ra6 g5 26. Be3 Kg7 27. Rxb6 Rxa8
28. Rb7 Ba3 29. d5 exd5 30. e6 Bxe6 31. Bd4+ Kh7 32. Bxh8 Kxh8 33. Ra1 Kg7 34.
Nd4 Kf6 35. Nb5 Re8 36. Nxa3 Bc8 37. Rb6+ Kg7 38. h3 Re2 39. Nb5 h5 40. Rd6 Rd2
41. Nd4 Rd3 42. Rc1 g4 43. hxg4 hxg4 44. Rxd5 Kf6 45. Rc5 Bb7 46. Rxc4 Be4 47.
Ne2 Ke5 48. Ng3 Bd5 49. Rxg4 {Black resigns} 1-0

[Event "Team 45 45 League T27"]
[Site "Internet Chess Club"]
[Date "2005.06.30"]
[Round "3"]
[White "jmc860"]
[Black "chinta"]
[Result "1-0"]
[WhiteElo "1543"]
[BlackElo "1616"]
[TimeControl "2700+45"]

1. e4 e5 2. Nf3 Nc6 3. Bc4 Be7 4. d4 exd4 5. Nxd4 Ne5 6. Be2 Nf6 7. Nc3 Bb4 8.
Bg5 h6 9. Bxf6 Qxf6 10. O-O c6 11. a3 Bc5 12. Nb3 Bb6 13. Nc1 d6 14. Nd3 h5 15.
Nxe5 dxe5 16. Qd3 Bg4 17. Bxg4 hxg4 18. Qg3 Rh4 19. Rad1 Ke7 20. Na4 Qf4 21.
Qxh4+ g5 22. Qg3 Rh8 23. Qxf4 gxf4 24. Nxb6 axb6 25. g3 Rh3 26. gxf4 exf4 27.
Rd3 f3 28. Rfd1 {Black resigns} 1-0

[Event "Team 45 45 League T27"]
[Site "Internet Chess Club"]
[Date "2005.07.01"]
[Round "3"]
[White "kostasgr"]
[Black "Catalog"]
[Result "0-1"]
[WhiteElo "2059"]
[BlackElo "2104"]
[TimeControl "2700+45"]

1. e4 e6 2. d4 d5 3. Nc3 dxe4 4. Nxe4 Bd7 5. Nf3 Bc6 6. Bd3 Nd7 7. O-O Ngf6 8.
Ned2 Be7 9. c4 a5 10. b3 a4 11. Bb2 O-O 12. Qc2 h6 13. Ne5 Nxe5 14. dxe5 Nd7 15.
Ne4 Nc5 16. Nxc5 Bxc5 17. Bh7+ Kh8 18. Be4 axb3 19. axb3 Rxa1 20. Bxa1 Bxe4 21.
Qxe4 Qd2 22. Qxb7 Rd8 23. Qxc7 Qxf2+ {White resigns} 0-1

[Event "Team 45 45 League T27"]
[Site "Internet Chess Club"]
[Date "2005.07.03"]
[Round "3"]
[White "EdBorowski"]
[Black "DeLaSalle"]
[Result "1-0"]
[WhiteElo "2054"]
[BlackElo "2071"]
[TimeControl "2700+45"]

1. d4 d5 2. Nf3 Nf6 3. Bf4 c6 4. c3 Bf5 5. Nbd2 e6 6. e3 Bd6 7. Bxd6 Qxd6 8. Nb3
Nbd7 9. Bd3 Bxd3 10. Qxd3 O-O 11. O-O Ne4 12. Nfd2 f5 13. f3 Nxd2 14. Nxd2 e5
15. e4 fxe4 16. fxe4 dxe4 17. Nxe4 Qd5 18. Ng5 g6 19. Qh3 h5 20. Qd3 Kg7 21. c4
Qxd4+ 22. Qxd4 Rxf1+ 23. Rxf1 exd4 24. Rf7+ Kh6 25. h4 Nf8 26. Rxb7 a5 27. Nf7+
Kg7 28. Nd8+ Kg8 29. Nxc6 d3 30. Kf2 Re8 31. Re7 Rxe7 32. Nxe7+ Kf7 33. Nd5 Nd7
34. Ke3 Ne5 35. b3 g5 36. hxg5 Kg6 37. Nf4+ Kxg5 38. Nxd3 Ng4+ 39. Kd4 Kh4 40.
c5 Nf6 41. c6 Kg3 42. c7 {Black resigns} 1-0